 Dungeon Crawl Stone Soup version 0.29-a0-830-gcb1280458a (webtiles) character file.

Game seed: 18052924216079423560

1074 porpoise the Spear-Bearer (level 8, -6/73 HPs)
             Began as a Hill Orc Monk on July 12, 2022.
             Was a Believer of the Shining One.
             Mangled by a water moccasin (7 damage)
             ... on level 6 of the Dungeon.
             The game lasted 00:18:58 (5593 turns).

porpoise the Spear-Bearer (Hill Orc Monk)           Turns: 5593, Time: 00:18:59

Health: -6/73      AC:  9    Str: 16    XL:     8   Next: 29%
Magic:  9/9        EV: 12    Int: 10    God:    the Shining One [**....]
Gold:   231        SH:  7    Dex: 13    Spells: 7/7 levels left

rFire   + . .      SeeInvis .   a - +1 spear (venom)
rCold   + . .      Faith    .   (no shield)
rNeg    + . .      Spirit   .   f - +2 leather armour {rF+}
rPois   .          Reflect  .   (no helmet)
rElec   .          Harm     .   (no cloak)
rCorr   .          Rampage  .   (no gloves)
Will    .....                   (no boots)
Stlth   +.........              (no amulet)
HPRegen 0.22/turn               p - +4 ring of protection
MPRegen 0.11/turn               n - ring of protection from cold

@: lethally poisoned (-6 -> -10), divinely shielded, glowing
A: no striking features
a: Renounce Religion, Divine Shield


You were on level 6 of the Dungeon.
You worshipped the Shining One.
The Shining One was pleased with you.
You visited 2 branches of the dungeon, and saw 7 of its levels.

You collected 231 gold pieces.

Inventory:

Hand Weapons
 a - a +1 spear of venom (weapon)
 b - a +0 sling
 d - a +1 whip of venom
Missiles
 j - 3 boomerangs
 w - 8 poisoned darts
Armour
 f - a +2 leather armour of fire resistance (worn)
 x - a +0 crystal plate armour
 y - a +0 helmet
Jewellery
 l - a +6 ring of intelligence
 n - a ring of protection from cold (right hand)
 p - a +4 ring of protection (left hand)
Wands
 t - a wand of charming (10)
 E - a wand of iceblast (5)
Scrolls
 k - a scroll of brand weapon {unknown}
 q - 2 scrolls of enchant weapon
 u - a scroll of fog
 v - a scroll of torment {unknown}
 A - a scroll of immolation {unknown}
Potions
 c - a potion of ambrosia
 g - 2 potions of heal wounds
 h - 2 potions of invisibility
 i - 3 potions of curing
 m - a potion of resistance
 o - 2 potions of lignification
 r - 2 potions of brilliance
 s - 2 potions of might
 z - a potion of attraction
 B - a potion of berserk rage
 C - a potion of mutation {unknown}
 D - 2 potions of cancellation
 F - a potion of flight {unknown}
 G - a potion of magic {unknown}


   Skills:
 - Level 7.0 Fighting
 + Level 8.9 Polearms
 + Level 1.9 Armour
 - Level 2.4 Dodging
 - Level 1.5 Stealth
 + Level 2.3 Invocations


You had 7 spell levels left.
You didn't know any spells.
Your spell library contained the following spells:

 Spells                   Type           Power      Damage    Failure   Level
 Blink                    Tloc           0%         N/A       56%         2
 Gell's Gravitas          Tloc           0%         N/A       80%         3
 Lesser Beckoning         Tloc           0%         N/A       80%         3
 Teleport Other           Tloc           0%         N/A       80%         3
 Ice Form                 Ice/Tmut       0%         N/A       99%         4
 Manifold Assault         Tloc           0%         N/A       100%        5


Dungeon Overview and Level Annotations

Branches:
Dungeon (6/15)             Temple (1/1) D:5

Altars:
Ashenzari
Cheibriados
Elyvilon
Fedhas
Gozag
Kikubaaqudgha
Makhleb
Okawaru
Qazlal
Ru
Sif Muna
Trog
Uskayaw
Xom
Yredelemnul
The Shining One

Shops:
D:1 [   D:5 [

Annotations:
D:2 Sigmund


Message History

The water moccasin bites you but does no damage.
You hit the water moccasin.
The water moccasin is heavily wounded.
The water moccasin closely misses you.
You hit the water moccasin.
The water moccasin is heavily wounded.
The water moccasin closely misses you.
You hit the water moccasin.
The water moccasin is heavily wounded.
The water moccasin bites you.
You are poisoned.
The water moccasin poisons you!
You hit the water moccasin.
The water moccasin is severely wounded.
You feel sick. The water moccasin bites you.
* * * LOW HITPOINT WARNING * * *
You hit the water moccasin but do no damage.
The water moccasin is severely wounded.
You feel sick. You block the water moccasin's attack.
You hit the water moccasin.
The water moccasin is almost dead.
You feel sick. The water moccasin misses you.
You hit the water moccasin but do no damage.
The water moccasin is almost dead.
You feel sick.
The water moccasin bites you but does no damage.
You closely miss the water moccasin.
The water moccasin is almost dead.
You feel sick. The water moccasin bites you!
* * * LOW HITPOINT WARNING * * *
You hit the water moccasin but do no damage.
The water moccasin is almost dead.
* * * LOW HITPOINT WARNING * * *
You feel sick. You block the water moccasin's attack.
You hit the water moccasin but do no damage.
Your punch misses the water moccasin.
The water moccasin is almost dead.
* * * LOW HITPOINT WARNING * * *
You feel sick. The water moccasin bites you!
You die...

... ... ... ... ... ..
#.. ... ...# #..# ...
.....##..# .##
..........#..# #####....
.............###@.......
...............†S.......
........................
........................
........................
........................
...................$....
...>...............(....
.......................


You could see a water moccasin (very poisoned).

Vanquished Creatures
  2 phantoms
  A necrophage (D:5)
  2 scorpions
  4 wights (D:6)
  2 hounds (D:5)
  2 jellies (D:2)
  2 orc priests
  3 iguanas
  2 orc wizards
  2 gnolls (D:4)
  9 adders
  A white imp (D:5)
  A worm (D:3)
  A dart slug (D:2)
  8 orcs
  4 ball pythons
  16 endoplasms
  4 giant cockroaches
  8 goblins
  6 hobgoblins
  2 quokkas
  7 bats
  7 frilled lizards
  17 kobolds
  6 rats
119 creatures vanquished.

Vanquished Creatures (collateral kills)
  A gnoll bouda (D:4)
  A gnoll (D:4)
2 creatures vanquished.

Vanquished Creatures (others)
  6 fungi (D:2)
  9 toadstools (D:2)
15 creatures vanquished.

Grand Total: 136 creatures vanquished

Notes
Turn   | Place    | Note
-------+----------+-------------------------------------------
     0 | D:1      | porpoise the Hill Orc Monk began the quest for the Orb.
     0 | D:1      | Reached XP level 1. HP: 19/19 MP: 1/1
    71 | D:1      | Found Pudyry's Armour Shoppe.
    89 | D:1      | Reached XP level 2. HP: 27/27 MP: 2/2
   482 | D:1      | Reached skill level 4 in Polearms
   944 | D:2      | Reached XP level 3. HP: 33/33 MP: 3/3
  1087 | D:2      | Noticed Sigmund
  1525 | D:2      | Reached XP level 4. HP: 22/41 MP: 4/4
  1659 | D:2      | Reached skill level 5 in Polearms
  1932 | D:2      | Reached XP level 5. HP: 39/47 MP: 5/5
  2492 | D:3      | Noticed a phantom
  2516 | D:3      | Found a faded altar of an unknown god.
  2533 | D:3      | Killed a phantom
  2534 | D:3      | Reached skill level 5 in Fighting
  2534 | D:3      | Reached skill level 6 in Polearms
  2594 | D:3      | Found a broken altar of Ashenzari.
  2757 | D:3      | Reached XP level 6. HP: 35/56 MP: 6/6
  3517 | D:4      | Found a shimmering blue altar of Sif Muna.
  3948 | D:4      | Reached skill level 7 in Polearms
  4091 | D:4      | Reached XP level 7. HP: 63/63 MP: 7/7
  4115 | D:4      | Found a stormy altar of Qazlal.
  4291 | D:4      | Got Huiqig's Compendium of Superposition and Evolution
  4400 | D:4      | Found a blossoming altar of Fedhas.
  4459 | D:5      | Entered Level 5 of the Dungeon
  4627 | D:5      | Reached skill level 8 in Polearms
  4686 | D:5      | Found Rirph's Armour Shop.
  4963 | D:5      | Found a staircase to the Ecumenical Temple.
  4972 | Temple   | Entered the Ecumenical Temple
  5047 | Temple   | Became a worshipper of the Shining One
  5047 | Temple   | Reached * piety under the Shining One
  5047 | Temple   | Reached ** piety under the Shining One
  5198 | D:6      | Reached XP level 8. HP: 70/73 MP: 8/8
  5300 | D:6      | Reached skill level 1 in Invocations
  5305 | D:6      | Reached skill level 1 in Armour
  5591 | D:6      | HP: 3/73 [water moccasin (7)]
  5593 | D:6      | HP: 1/73 [poisoned by a water moccasin]
  5593 | D:6      | Mangled by a water moccasin

Illustrated notes

Levels and vault maps discovered:
D:1:      dpeg_arrival_subterranean_lakeside_camping, layout_basic,
          serial_shops, shop
D:2:      cheibrodos_fertilizer, layout_loops_ring, uniq_sigmund
D:3:      layout_basic, mainiacjoe_overflow_alcove_2,
          shapermc_ecumenical_altar_venn, minmay_misc_feat_rugged,
          patterned_corridor
D:4:      layout_cave_pools, fedhas_altar_4, lemuel_crystal_altar,
          overflow_temple_1_default
D:5:      layout_cave_pools, minmay_temple_entry_junction, serial_shops,
          kennysheep_mini_moat
D:6:      layout_layer_cave, serial_shops, nicolae_shop_advertising_works
          [nicolae_subvault_shop_adworks]
Temple:   nicolae_temple_hex_pool

Skill      XL: |  1  2  3  4  5  6  7  8 |
---------------+-------------------------+-----
Fighting       | 4 5 6 7 |  7.0
Polearms       | 4 5 6 7 8 |  8.9
Invocations    | 2 |  2.3
Armour         | 1 |  1.9
Dodging        | |  2.4
Stealth        | |  1.5

Action                   |  1- 3 |  4- 6 |  7- 9 || total
-------------------------+-------+-------+-------++-------
Melee: Spear             |   130 |   189 |   148 ||   467
       Punch             |     1 |     2 |     1 ||     4
 Fire: Sling             |     7 |    54 |    39 ||   100
Invok: Divine Shield     |       |       |     1 ||     1
Evoke: Wand              |       |     3 |       ||     3
  Use: Scroll            |       |     7 |     8 ||    15
 Stab: Sleeping          |     6 |     4 |       ||    10
Armor: Robe              |     9 |       |       ||     9
       Leather armour    |    18 |    42 |    38 ||    98
Dodge: Dodged            |    48 |    55 |    64 ||   167
Block: Other             |       |       |     9 ||     9

Table legend: (Time is in decaauts)
 A = Elapsed time spent in this place.
 B = Non-inter-level travel time spent in this place.
 C = Inter-level travel time spent in this place.
 D = Time resting spent in this place.
 E = Time spent auto-exploring this place.
 F = Levels seen in this place.
 G = Mean time per level.
                   A        B        C        D        E       F      G
               +--------+--------+--------+--------+--------+-----+--------+
         Total |   5501 |   5291 |    210 |   1363 |   2796 |   7 |  785.9 |
       Dungeon |   5405 |   5215 |    190 |   1363 |   2735 |   6 |  900.8 |
        Temple |     95 |     75 |     20 |      0 |     61 |   1 |   95.0 |
               +--------+--------+--------+--------+--------+-----+--------+

Top non-repeatable levels by time:
     D:2: 1271 daAuts
     D:3: 1178 daAuts
     D:1: 1030 daAuts
     D:4: 932 daAuts
     D:5: 569 daAuts
     D:6: 424 daAuts
  Temple: 95 daAuts
